 Dungeon Crawl Stone Soup version 0.27.1 (webtiles) character file.

Game seed: 4779942987053639739

56 Malachi the Changer (level 3, -1/23 HPs)
             Began as an Octopode Transmuter on Aug 26, 2021.
             Slain by Grinder (8 damage)
             ... on level 3 of the Dungeon.
             The game lasted 00:02:44 (2512 turns).

Malachi the Changer (Octopode Transmuter)           Turns: 2512, Time: 00:02:44

Health: -1/23      AC:  2    Str:  9    XL:     3   Next: 95%
Magic:  14/15      EV: 19    Int: 16    God:
Gold:   232        SH:  0    Dex: 17    Spells: 2/6 levels left

rFire    . . .     SeeInvis .     - Unarmed
rCold    . . .     Faith    .   (shield currently unavailable)
rNeg     . . .     Spirit   .   (helmet currently unavailable)
rPois    x         Reflect  .   (no amulet)
rElec    .         Harm     .   b - ring of magical power
rCorr    .         Rampage  .   (no ring)
Will     .....                  (no ring)
Stlth    ++........             (no ring)
HPRegen  0.07/turn              (no ring)
MPRegen  0.14/turn              (no ring)
                                (no ring)
                                (no ring)

@: spider-form (expiring)
A: venomous fangs, almost no armour, (amphibious), 8 rings, tiny, (camouflage
1), (gelatinous body 1), (nimble swimmer 1), (tentacles)
a: End Transformation


You were on level 3 of the Dungeon.
You were a venomous arachnid creature.
You visited 1 branch of the dungeon, and saw 3 of its levels.

You collected 232 gold pieces.

Inventory:

Hand Weapons
 a - a +0 short sword
Missiles
 c - 10 poisoned darts (quivered)
Jewellery
 b - a ring of magical power (left front leg)
Wands
 f - a wand of flame (16)
Potions
 d - 2 potions of cancellation


   Skills:
 - Level 1.0 Fighting
 - Level 2.0 Dodging
 - Level 3.0 Unarmed Combat
 - Level 2.0 Spellcasting
 * Level 3.2 Transmutations
 * Level 2.7 Poison Magic


You had 2 spell levels left.
You knew the following spells:

 Your Spells              Type           Power      Damage    Failure   Level
a - Beastly Appendage     Tmut           22%        N/A       16%         1
b - Spider Form           Tmut/Pois      5%         N/A       38%         3

Your spell library contained the following spells:

 Spells                   Type           Power      Damage    Failure   Level
 Wereblood                Tmut           11%        N/A       22%         2
 Ice Form                 Ice/Tmut       6%         N/A       87%         4


Dungeon Overview and Level Annotations

Branches:
Dungeon (3/15)

Altars:
Xom

Annotations:
D:3 Grinder


Innate Abilities, Weirdness & Mutations

You are a venomous arachnid creature.
You have poisonous fangs.
You are tiny and dextrous.
Your spellcasting is less reliable in this form.
Your armour is entirely melded.
You are incapable of wielding weapons or throwing items.
You cannot wear most types of armour.
((You are amphibious.))
You can wear up to eight rings at the same time.
((Your skin changes colour to match your surroundings (Stealth+).))
((Your rubbery body absorbs attacks. (AC +1, EV +1)))
((You are camouflaged near water. (Stealth+)))
((You have tentacles for arms and can constrict up to eight enemies at once.))


Message History

You hit Grinder but do no damage. Grinder gestures at you.
You suddenly lose the ability to move!
Grinder gestures at you. Pain shoots through your body! Grinder hits you.
You writhe in agony.
Grinder hits you.
You writhe in agony.
Grinder completely misses you.
You can move again.
You barely miss Grinder. Grinder barely misses you.
You hit Grinder.
Grinder is lightly wounded.
Your transformation is almost over.
You hit Grinder.
Grinder is lightly wounded.
Grinder completely misses you.
You hit Grinder.
Grinder is lightly wounded.
Grinder closely misses you.
You barely miss Grinder.
Grinder is lightly wounded.
Grinder hits you.
You writhe in agony.
You barely miss Grinder.
Grinder is lightly wounded.
Grinder gestures at you.
You barely resist. You closely miss Grinder.
Grinder is lightly wounded.
Grinder barely misses you.
You hit Grinder but do no damage.
Grinder is lightly wounded.
Grinder misses you.
You hit Grinder but do no damage.
Grinder is poisoned.
Grinder is lightly wounded.
Grinder gestures at you. Pain shoots through your body!
You hit Grinder.
Grinder is moderately wounded.
Grinder hits you!
You die...

#....†....[.....###.......
#.........#..............
####..†####.#######..5..
#...# #.# .... #...# #.#
..## ##.## #.# ..# #####.#
#.# ####..### #.....# #.#
#.......# #.##### #s#
#.##....... #.#
#5#####.##..#.#.# #.#
#....5......# # #.#
######...#..# #.#
#...#.##. #.#
#####........ #.#
##.....#.#.### #.#
#........#.# #.#
#..####### #


You could see Grinder (very poisoned).

Vanquished Creatures
  4 dart slugs
  An orc (D:2)
  5 endoplasms
  A giant cockroach (D:2)
  5 goblins
  3 hobgoblins
  4 kobolds
  2 quokkas
  3 ball pythons
  5 bats
  8 frilled lizards
  5 rats
46 creatures vanquished.

Vanquished Creatures (others)
  2 plants (D:1)
2 creatures vanquished.

Grand Total: 48 creatures vanquished

Notes
Turn   | Place    | Note
-------+----------+-------------------------------------------
     0 | D:1      | Malachi the Octopode Transmuter began the quest for the
                  | Orb.
     0 | D:1      | Reached XP level 1. HP: 13/13 MP: 3/3
    92 | D:1      | Reached skill level 1 in Poison Magic
   230 | D:1      | Reached XP level 2. HP: 18/18 MP: 5/5
  1046 | D:1      | Reached XP level 3. HP: 23/23 MP: 4/6
  1382 | D:2      | Learned a level 3 spell: Spider Form
  1737 | D:2      | Found a shimmering altar of Xom.
  2479 | D:3      | Noticed Grinder
  2481 | D:3      | Paralysed by Grinder for 2 turns
  2498 | D:3      | Paralysed by Grinder for 5 turns
  2512 | D:3      | Slain by Grinder

Illustrated notes

Levels and vault maps discovered:
D:1:      erik_arrival_orb_chamber, layout_rooms, minmay_lizard_king
D:2:      layout_basic, basic_altar, serial_bayou_ford_a,
          minmay_misc_feat_diagonals
D:3:      layout_loops_ring, uniq_grinder, uniq_terence

Skill      XL: |  1  2  3 |
---------------+----------+-----
Poison Magic   | 1 2 |  2.7
Transmutations | 3 |  3.2
Fighting       | |  1.0
Dodging        | |  2.0
Unarmed Combat | |  3.0
Spellcasting   | |  2.0

Action                   || total
-------------------------++-------
Melee: Unarmed           ||    98
       Kick              ||    23
       Constrict         ||    25
       Tentacles         ||    15
       Punch             ||     3
Throw: Dart              ||     2
 Cast: Beastly Appendage ||    22
       Spider Form       ||     1
  Use: Scroll            ||     5
 Stab: Sleeping          ||     5
Armor: Skin              ||     6
Dodge: Dodged            ||    37
